 Dungeon Crawl Stone Soup version 0.18-b1-14-g029dad2 (webtiles) character file.

2234 Alarkh the Grave Robber (level 9, -12/64 HPs)
             Began as a Mummy Necromancer on Apr 30, 2016.
             Killed from afar by an orc wizard (16 damage)
             ... with a puff of flame
             ... on level 7 of the Dungeon.
             The game lasted 00:12:33 (7090 turns).

Alarkh the Grave Robber (Mummy Necromancer)         Turns: 7090, Time: 00:12:34

Health: -12/64     AC:  3    Str: 12    XL:     9   Next: 14%
Magic:  11/17      EV: 13    Int: 17    God:
Gold:   393        SH:  0    Dex: 12    Spells: 3 memorised, 11 levels left

rFire  x . .     SeeInvis .     u - +0 trident
rCold  + + .     Gourm    .     s - +0 robe {rC+}
rNeg   + + +     Faith    .     (no shield)
rPois  ∞         Spirit   .     (no helmet)
rElec  .         Dismiss  .     j - +0 cloak
rCorr  .         Reflect  .     (no gloves)
SustAt .         Harm     .     (no boots)
MR     +....                    (no amulet)
Stlth  ++........               (no ring)
                                (no ring)

@: somewhat resistant to hostile enchantments, unstealthy
A: no food or potions, fire vulnerability, cold resistance 1, negative energy
resistance 3, torment resistance, unbreathing
a: no special abilities


You were on level 7 of the Dungeon.
You were not hungry.

You visited 2 branches of the dungeon, and saw 10 of its levels.

You collected 393 gold pieces.

Inventory:

Hand Weapons
 c - a +0 dagger
 g - a +2 short sword of flaming
 n - a +4 quarterstaff of chaos
 r - a +0 halberd
 u - a +0 trident (weapon)
Armour
 a - a +0 robe
 j - a +0 cloak (worn)
 m - a +0 storm dragon armour
 s - a +0 robe of cold resistance (worn)
Wands
 l - a wand of lightning (1/15)
 p - a wand of lightning (5/15)
Scrolls
 d - a scroll of teleportation
 e - a scroll of blinking {unknown}
 f - 4 scrolls of immolation
 h - 2 scrolls of enchant weapon {unknown}
 i - 2 scrolls of recharging
 k - 2 scrolls of magic mapping
 o - a scroll of noise
 q - a scroll of enchant armour {unknown}
 t - a scroll of random uselessness {unknown}
Books
 b - a book of Necromancy

   Spells                             Type                      Level
   a - Pain                           Necromancy                   1
   b - Animate Skeleton               Necromancy                   1
   c - Vampiric Draining              Necromancy                   3
   d - Regeneration                   Charms/Necromancy            3
   e - Animate Dead                   Necromancy                   4
   f - Control Undead                 Necromancy                   4


   Skills:
 - Level 3.2 Fighting
 + Level 5.9 Polearms
 - Level 3.3 Dodging
 - Level 1.5 Stealth
 - Level 5.6 Spellcasting
 - Level 7.1 Necromancy


You had 11 spell levels left.
You knew the following spells:

 Your Spells              Type           Power        Failure   Level  Hunger
a - Pain                  Necr           ####         1%          1    N/A
b - Vampiric Draining     Necr           ####......   1%          3    N/A
c - Control Undead        Necr           ####......   10%         4    N/A

Dungeon Overview and Level Annotations

Branches:
Dungeon (9/15)             Temple (1/1) D:5             Orc (0/2) D:9
   Lair: D:8-11

Altars:
Ashenzari
Cheibriados
Dithmenos
Elyvilon
Fedhas
Kikubaaqudgha
Makhleb
Nemelex Xobeh
Okawaru
Pakellas
Qazlal
Ru
Sif Muna
Trog
Vehumet
Xom
Yredelemnul
The Shining One

Annotations:
D:1 1 exclusion


Innate Abilities, Weirdness & Mutations

You do not eat or drink.
Your flesh is vulnerable to fire.
You are immune to poison.
Your flesh is cold resistant.
You are immune to negative energy.
You are immune to unholy pain and torment.
You can survive without breathing.


Message History

* * * LOW HITPOINT WARNING * * *
The howler monkey misses you. The hound bites you but does no damage.
You miss the orc wizard.
The orc wizard is severely wounded.
The orc wizard hits you but does no damage.
The hound misses you. The howler monkey closely misses you.
The howler monkey bites you.
* * * LOW HITPOINT WARNING * * *
The orc wizard casts a cantrip, but nothing happens.
The hound bites you.
* * * LOW HITPOINT WARNING * * *
You barely miss the orc wizard.
The orc wizard is severely wounded.
The orc priest hits you but does no damage.
The howler monkey hits you.
* * * LOW HITPOINT WARNING * * *
The howler monkey closely misses you. The orc wizard casts a spell at you.
The puff of flame hits you! The fire burns you terribly!
You die...

**** ####### **,,, #.....#
*#### **,,,,
#.....######...# *,,,,,
#..............# *,,,,,
#.........5....# *,,,,,
#.........{....#* *,,,,,
#.....o.o.ho#...#* *,,,,,
###...#####@#.#..******,,,,,
###.##..oh.......,,,,,,,,,
#.##...o......#*****,,,,
#o.............,,,**,***
#.............#**,,,,,,,
#.............# *******,
##.._.........# ******,
#.....#..#..## *,,,,,,
#....o##.##.####*,,,,,,


You could see 2 orc warriors, a howler monkey, a hound, 2 orc priests, an orc
wizard and a crimson imp.

Vanquished Creatures
  Pikel (D:3)
  Eustachio (D:5)
  Duvessa (D:4)
  An ice beast (D:8)
  A centaur (D:5)
  2 giant frogs
  Dowan (D:4)
  A scorpion (D:4)
  3 howler monkeys
  3 jellies (D:5)
  A crimson imp (D:3)
  A giant frog skeleton (D:8)
  A quasit (D:6)
  A gnoll shaman (D:7)
  2 orc priests
  Crazy Yiuf (D:4)
  3 hounds
  2 iguanas
  5 orc wizards (D:5)
  A killer bee zombie (D:5)
  5 worker ants
  9 gnolls
  13 adders
  2 shadow imps
  3 oozes
  A worm (D:2)
  9 giant geckos
  15 orcs
  10 bats
  4 giant cockroaches
  3 goblins
  9 hobgoblins
  9 jackals
  4 quokkas
  A ball python (D:2)
  5 giant newts
  2 goblin skeletons (D:4)
  2 goblin zombies (D:4)
  2 hobgoblin zombies (D:4)
  13 kobolds
  A kobold skeleton (D:4)
  A kobold zombie (D:4)
  An orc zombie (D:4)
  2 quokka skeletons
  14 rats
173 creatures vanquished.

Vanquished Creatures (others)
  A worm (D:4)
  A quokka (D:4)
  A hobgoblin zombie (D:4)
  An orc skeleton (D:4)
4 creatures vanquished.

Grand Total: 177 creatures vanquished

Notes
Turn   | Place    | Note
--------------------------------------------------------------
     0 | D:1      | Alarkh the Mummy Necromancer began the quest for the Orb.
     0 | D:1      | Reached XP level 1. HP: 13/13 MP: 3/3
   210 | D:1      | Reached XP level 2. HP: 19/19 MP: 3/5
   508 | D:1      | Reached XP level 3. HP: 18/24 MP: 0/6
   711 | D:2      | Found a shimmering altar of Xom.
   865 | D:2      | Found an iron altar of Okawaru.
   865 | D:2      | Found a deep blue altar of Sif Muna.
   898 | D:2      | Learned a level 3 spell: Vampiric Draining
  1202 | D:1      | Reached skill level 5 in Necromancy
  1202 | D:1      | Reached XP level 4. HP: 17/30 MP: 1/8
  1782 | D:2      | Found a sacrificial altar of Ru.
  2208 | D:3      | Found a burning altar of Makhleb.
  2401 | D:3      | Reached XP level 5. HP: 35/35 MP: 8/10
  2407 | D:3      | Found a glowing golden altar of the Shining One.
  2683 | D:4      | Noticed Dowan
  2687 | D:4      | Noticed Duvessa
  2775 | D:4      | Killed Duvessa
  2775 | D:4      | Reached XP level 6. HP: 21/41 MP: 0/12
  3070 | D:4      | Killed Dowan
  3070 | D:4      | Reached skill level 6 in Necromancy
  3094 | D:4      | Noticed Pikel
  3094 | D:4      | Noticed a slave
  3094 | D:4      | Noticed a slave
  3181 | D:4      | Noticed a slave
  3182 | D:4      | Noticed a slave
  3191 | D:3      | Killed Pikel
  3191 | D:3      | Reached skill level 5 in Spellcasting
  3191 | D:3      | Reached skill level 7 in Necromancy
  3191 | D:3      | Reached XP level 7. HP: 20/46 MP: 3/15
  3493 | D:4      | Found a glowing golden altar of the Shining One.
  3600 | D:3      | Reached skill level 1 in Fighting
  4007 | D:4      | Noticed Crazy Yiuf
  4013 | D:4      | Killed Crazy Yiuf
  4060 | D:5      | Entered Level 5 of the Dungeon
  4094 | D:5      | Reached XP level 8. HP: 27/57 MP: 6/16
  4163 | D:4      | Learned a level 4 spell: Control Undead
  4444 | D:5      | Found a staircase to the Ecumenical Temple.
  4665 | D:5      | Noticed Eustachio
  4741 | D:5      | Killed Eustachio
  6209 | D:6      | You fall through a shaft for 3 floors!
  6236 | D:9      | Found a staircase to the Orcish Mines.
  6341 | D:7      | Found a sparkling altar of Nemelex Xobeh.
  6454 | D:8      | Reached skill level 5 in Polearms
  6559 | D:7      | Reached XP level 9. HP: 45/64 MP: 0/17
  6825 | Temple   | Entered the Ecumenical Temple
  7068 | D:7      | Found a deep blue altar of Sif Muna.
  7090 | D:7      | Killed from afar by an orc wizard

Skill      XL: |  1  2  3  4  5  6  7  8 |
---------------+-------------------------+-----
Spellcasting   | 3 4 5 |  5.6
Necromancy     | 5 7 |  7.1
Fighting       | 2 3 |  3.2
Dodging        | 2 3 |  3.3
Polearms       | 5 |  5.9
Stealth        | |  1.5

Action                   |  1- 3 |  4- 6 |  7- 9 || total
-------------------------+-------+-------+-------++-------
Melee: Dagger            |    56 |    10 |       ||    66
       Unarmed           |     1 |       |       ||     1
       Short sword       |       |    24 |   100 ||   124
       Trident           |       |       |    42 ||    42
 Cast: Pain              |    69 |    93 |   200 ||   362
       Vampiric Draining |       |     7 |    14 ||    21
Evoke: Wand              |       |       |     4 ||     4
  Use: Scroll            |     3 |     3 |     5 ||    11
 Stab: Sleeping          |     1 |       |       ||     1
Armor: Robe              |    13 |    16 |    58 ||    87
Dodge: Dodged            |    52 |    40 |   241 ||   333
